 Dungeon Crawl Stone Soup version 0.28-a0-1629-gf728b707aa (webtiles) character file.

Game seed: 5379657021283111628

2069 cheechan the Sneak (level 9, -10/61 HPs)
             Began as an Octopode Hunter on Jan 24, 2022.
             Killed from afar by a steam dragon (16 damage)
             ... with a ball of steam
             ... on level 6 of the Dungeon.
             The game lasted 00:25:04 (4276 turns).

cheechan the Sneak (Octopode Hunter)                Turns: 4276, Time: 00:25:04

Health: -10/61     AC:  1    Str: 13    XL:     9   Next: 26%
Magic:  0/9        EV: 15    Int: 13    God:
Gold:   212        SH:  0    Dex: 17    Spells: 8/8 levels left

rFire   . . .      SeeInvis .   a - +1 short sword
rCold   + + .      Faith    .   (no shield)
rNeg    . . .      Spirit   +   (helmet restricted)
rPois   +          Reflect  .   m - amulet of Jiax {Spirit rPois}
rElec   .          Harm     .   e - ring of protection from cold
rCorr   .          Rampage  .   g - ring "Joint" {Wiz rC+ Dex+2}
Will    .....                   (no ring)
Stlth   +++++.....              (no ring)
HPRegen 0.20/turn               (no ring)
MPRegen 0.11/turn               (no ring)
                                (no ring)
                                (no ring)

@: no status effects
A: almost no armour, amphibious, 8 rings, camouflage 1, gelatinous body 1,
(nimble swimmer 1), tentacles
a: no special abilities


You were on level 6 of the Dungeon.
You visited 1 branch of the dungeon, and saw 6 of its levels.

You collected 212 gold pieces.

Inventory:

Hand Weapons
 a - a +1 short sword (weapon)
Missiles
 o - 3 curare-tipped darts (quivered)
 q - 2 datura-tipped darts
 t - 2 boomerangs
Armour
 x - a +2 tower shield
Jewellery
 e - a ring of protection from cold (left tentacle)
 g - the ring "Joint" (right tentacle) {Wiz rC+ Dex+2}
   (You took it off a kobold on level 2 of the Dungeon)

   [ring of wizardry]

   It improves your spell success rate.
   Dex:       It affects your dexterity (+2).
   rC:        It protects you from cold.
 m - the amulet of Jiax (around mantle) {Spirit rPois}
   (You found it on level 4 of the Dungeon)

   [amulet of guardian spirit]

   It causes incoming damage to be divided between your reserves of health and
   magic.
   rPois:     It protects you from poison.
 v - an amulet of faith
Wands
 u - a wand of flame (23)
Scrolls
 k - a scroll of magic mapping
 r - 2 scrolls of enchant armour
Potions
 d - 2 potions of attraction
 h - 3 potions of degeneration {unknown}
 i - 2 potions of curing {unknown}
 j - a potion of lignification {unknown}
 l - a potion of might {unknown}
 n - a potion of mutation {unknown}
 p - a potion of haste {unknown}
 s - a potion of magic {unknown}
 w - a potion of flight {unknown}


   Skills:
 + Level 5.1 Fighting
 + Level 6.0 Short Blades
 + Level 7.2 Throwing
 + Level 4.5 Dodging
 + Level 7.5 Stealth


You had 8 spell levels left.
You didn't know any spells.
Your spell library contained the following spells:

 Spells                   Type           Power      Damage    Failure   Level
 Malign Gateway           Summ/Tloc      0%         N/A       100%        7
 Summon Horrible Things   Summ           0%         N/A       100%        8


Dungeon Overview and Level Annotations

Branches:
Dungeon (6/15)             Temple (0/1) D:6

Altars:
Cheibriados
Dithmenos
Elyvilon
Hepliaklqana
Qazlal
Vehumet
Wu Jian

Shops:
D:5 (

Annotations:
D:6 exclusion: oklob sapling


Innate Abilities, Weirdness & Mutations

You cannot wear most types of armour.
You are amphibious.
You can wear up to eight rings at the same time.
Your skin changes colour to match your surroundings (Stealth+).
Your rubbery body absorbs attacks. (AC +1, EV +1)
((You are camouflaged when in or above water. (Stealth+)))
You have tentacles for arms and can constrict up to eight enemies at once.


Message History

Aim: a steam dragon (wandering, hasn't noticed you, 65% to hit)
You throw a javelin.
The javelin pierces through the steam dragon!
The steam dragon is heavily wounded.
You hit the steam dragon but do no damage.
The steam dragon is heavily wounded.
The steam dragon breathes steam at you. The ball of steam hits you!!
* * * LOW HITPOINT WARNING * * *
Throw: 2 javelins
Press: ? - help, Q - select action, (/) - cycle Shift-Dir - straight line, f/p - steam dragon
Aim: a steam dragon (heavily wounded, catching its breath, 65% to hit)
You throw a javelin.
The javelin pierces through the steam dragon but does no damage.
The steam dragon is heavily wounded.
The steam dragon completely misses you. x2
Throw: javelin
Press: ? - help, Q - select action, (/) - cycle Shift-Dir - straight line, f/p - steam dragon
Aim: a steam dragon (heavily wounded, catching its breath, 65% to hit)
You throw a javelin.
The javelin closely misses the steam dragon.
The steam dragon barely misses you. The steam dragon claws you.
* * * LOW HITPOINT WARNING * * *
Throw: 2 throwing nets
Press: ? - help, Q - select action, (/) - cycle Shift-Dir - straight line, f/p - steam dragon
Aim: a steam dragon (heavily wounded, 65% to hit)
You throw a throwing net.
The throwing net completely misses the steam dragon.
The steam dragon misses you. The steam dragon barely misses you.
Throw: throwing net
Press: ? - help, Q - select action, (/) - cycle Shift-Dir - straight line, f/p - steam dragon
Aim: a steam dragon (heavily wounded, 65% to hit)
You throw a throwing net. The throwing net hits the steam dragon.
The steam dragon is caught in the net!
The steam dragon is heavily wounded.
You hit the steam dragon. You squeeze the steam dragon.
The steam dragon is severely wounded.
The steam dragon breathes steam at you. The ball of steam hits you!!
You die...

.###........#
.###.......†#
###.........#
#......)..# #
#.#########
###....# .#####.#
########### ....
#.# ##.........##
###.
#.####.....@D...(#
..#.
#<.......#####...#
$.#. ######....#
#.(..# $.+.
#..#...#...#†#
..#.
....##..!..##)#
.$#. ####.# #D?)#
#†# ###.
..##..[.O##.#
..#...#...#.#
......###o...#


You could see a steam dragon (caught, catching breath).

Vanquished Creatures
  2 water moccasins (D:6)
  2 ice beasts (D:6)
  A black bear (D:6)
  A sky beast (D:5)
  3 ogres
  2 centaurs
  A phantom (D:6)
  Blork the orc (D:6)
  2 bullfrogs (D:6)
  A gnoll sergeant (D:5)
  3 scorpions
  A water moccasin zombie (D:6)
  A water moccasin skeleton (D:4)
  A howler monkey (D:6)
  3 hounds
  A jelly (D:5)
  2 bullfrog skeletons
  A centaur skeleton (D:6)
  An orc wizard (D:3)
  A howler monkey skeleton (D:4)
  3 gnolls (D:5)
  7 adders
  A white imp (D:6)
  A worm (D:3)
  3 dart slugs
  6 orcs
  14 ball pythons
  5 bats
  9 endoplasms
  3 giant cockroaches
  7 goblins
  9 hobgoblins
  3 jackals (D:1)
  5 quokkas
  6 frilled lizards
  11 kobolds
  8 rats
132 creatures vanquished.

Vanquished Creatures (others)
  A quokka (D:6)
  8 plants (D:4)
9 creatures vanquished.

Grand Total: 141 creatures vanquished

Notes
Turn   | Place    | Note
-------+----------+-------------------------------------------
     0 | D:1      | cheechan the Octopode Hunter began the quest for the Orb.
     0 | D:1      | Reached XP level 1. HP: 14/14 MP: 1/1
   120 | D:1      | Reached XP level 2. HP: 11/19 MP: 2/2
   330 | D:1      | Reached XP level 3. HP: 6/24 MP: 3/3
   558 | D:1      | Found a faded altar of an unknown god.
   800 | D:2      | Reached skill level 1 in Short Blades
   962 | D:2      | Reached XP level 4. HP: 30/30 MP: 4/4
   970 | D:2      | Identified the ring "Joint" {Wiz rC+ Dex+2}
  1015 | D:2      | Reached skill level 5 in Throwing
  1203 | D:3      | Reached XP level 5. HP: 27/35 MP: 5/5
  1330 | D:3      | Found a large runed translucent door.
  1331 | D:3      | Found a large runed translucent door.
  1346 | D:3      | Found an ornate altar of the Wu Jian Council.
  1361 | D:3      | Found a stormy altar of Qazlal.
  2003 | D:4      | Reached XP level 6. HP: 41/41 MP: 6/6
  2058 | D:4      | Identified the amulet of Jiax {Spirit rPois}
  2486 | D:5      | Entered Level 5 of the Dungeon
  2498 | D:5      | Noticed a sky beast
  2516 | D:5      | Killed a sky beast
  2518 | D:5      | Reached XP level 7. HP: 17/46 MP: 3/7
  2601 | D:5      | Reached skill level 5 in Stealth
  3130 | D:5      | Found Kayxzigh's Weapon Boutique.
  3477 | D:6      | Found a hazy altar of Hepliaklqana.
  3534 | D:6      | Reached XP level 8. HP: 54/54 MP: 8/8
  3605 | D:6      | Found a staircase to the Ecumenical Temple.
  3621 | D:6      | Found a snail-covered altar of Cheibriados.
  3621 | D:6      | Noticed Blork the orc
  3632 | D:6      | Killed Blork the orc
  3678 | D:6      | Found a white marble altar of Elyvilon.
  3734 | D:6      | Found a shadowy altar of Dithmenos.
  3735 | D:6      | Found a radiant altar of Vehumet.
  3768 | D:6      | Reached skill level 5 in Short Blades
  4126 | D:6      | Reached XP level 9. HP: 60/60 MP: 9/9
  4176 | D:6      | Reached skill level 5 in Fighting
  4179 | D:6      | HP: 4/91 [orc (6)]
  4184 | D:6      | HP: 3/91 [water moccasin (2)]
  4276 | D:6      | Killed from afar by a steam dragon

Illustrated notes

Levels and vault maps discovered:
D:1:      nagdon_arrival_double_spiral, layout_rooms,
          hellmonk_ecumenical_altar_blasted, minmay_misc_feat_five
D:2:      layout_basic
D:3:      layout_basic, jmf_multi_god_temple2
D:4:      layout_loops_ring, minmay_misc_feat_tower, hangedman_decor_lopped,
          serial_bayou_lake_a
D:5:      layout_cave_pools, serial_shops, nicolae_lakefront_shop
D:6:      layout_basic, amethyst_overflow_temple_binary,
          mainiacjoe_overflow_boulevard, elyvilon_altar_4,
          amcnicky_altar_gilded, minmay_temple_entry_oklob,
          columned_hall_lemuel, minmay_circle_x, uniq_blork_the_orc

Skill      XL: |  1  2  3  4  5  6  7  8  9 |
---------------+----------------------------+-----
Short Blades   | 1 2 3 4 5 6 |  6.0
Throwing       | 5 6 7 |  7.2
Stealth        | 2 3 4 5 6 7 |  7.5
Fighting       | 3 4 5 |  5.1
Dodging        | 3 4 |  4.5

Action                   |  1- 3 |  4- 6 |  7- 9 || total
-------------------------+-------+-------+-------++-------
Melee: Short sword       |    45 |    93 |    78 ||   216
       Constrict         |    16 |    22 |    12 ||    50
       Tentacles         |     8 |    20 |    18 ||    46
       Punch             |       |     1 |     1 ||     2
Throw: Javelin           |    36 |    22 |    31 ||    89
       Throwing net      |       |       |     3 ||     3
       Dart              |       |       |     1 ||     1
  Use: Scroll            |     3 |     4 |     3 ||    10
       Potion            |       |       |     2 ||     2
 Stab: Sleeping          |     1 |     9 |     5 ||    15
Armor: Skin              |     6 |     5 |     2 ||    13
Dodge: Dodged            |    45 |    45 |    64 ||   154

Table legend: (Time is in decaauts)
 A = Elapsed time spent in this place.
 B = Non-inter-level travel time spent in this place.
 C = Inter-level travel time spent in this place.
 D = Time resting spent in this place.
 E = Time spent auto-exploring this place.
 F = Levels seen in this place.
 G = Mean time per level.
                   A        B        C        D        E       F      G
               +--------+--------+--------+--------+--------+-----+--------+
         Total |   4301 |   4301 |      0 |    418 |      0 |   6 |  716.8 |
       Dungeon |   4301 |   4301 |      0 |    418 |      0 |   6 |  716.8 |
               +--------+--------+--------+--------+--------+-----+--------+

Top non-repeatable levels by time:
     D:5: 974 daAuts
     D:6: 825 daAuts
     D:4: 678 daAuts
     D:1: 657 daAuts
     D:3: 652 daAuts
     D:2: 514 daAuts
